 Dungeon Crawl Stone Soup version 0.17-a0-1900-g45e8110 (webtiles) character file.

104 kae the Firebug (level 4, -5/24 HPs)
             Began as a Tengu Fire Elementalist on Sept 24, 2015.
             Slain by a gnoll (7 damage)
             ... on level 3 of the Dungeon.
             The game lasted 00:03:17 (2760 turns).

kae the Firebug (Tengu Fire Elementalist)           Turns: 2760, Time: 00:03:17

Health: -5/24      AC:  2    Str:  8    XL:     4   Next: 80%
Magic:  0/8        EV: 12    Int: 16    God:
Gold:   67         SH:  0    Dex: 15    Spells: 1 memorised, 6 levels left

rFire  . . .     SeeInvis .     h - +0 spear
rCold  . . .     Clarity  .     a - +0 robe
rNeg   . . .     SustAt   .     (no shield)
rPois  .         Gourm    .     (helmet restricted)
rElec  .         Spirit   .     (no cloak)
rCorr  .         Warding  .     (no gloves)
rMut   .         Stasis   .     (boots unavailable)
MR     .....                    (no amulet)
Stlth  ++........               (no ring)
                                (no ring)

@: very slightly contaminated, not resistant to hostile enchantments, unstealthy
A: beak, talons 3
a: no special abilities


You were on level 3 of the Dungeon.
You were near starving.

You visited 1 branch of the dungeon, and saw 3 of its levels.

You collected 67 gold pieces.

Inventory:

Hand weapons
 h - a +0 spear (weapon)
Armour
 a - a +0 robe (worn)
Scrolls
 d - a scroll of identify {unknown}
 g - a scroll of amnesia {unknown}
Potions
 e - a potion of might {unknown}
 f - a potion of degeneration {unknown}
 i - 2 potions of poison {unknown}
Books
 b - a book of Flames

   Spells                             Type                      Level
   a - Flame Tongue                   Conjuration/Fire             1
   b - Throw Flame                    Conjuration/Fire             2
   c - Conjure Flame                  Conjuration/Fire             3
   d - Inner Flame                    Hexes/Fire                   3
   e - Sticky Flame                   Conjuration/Fire             4
   f - Fireball                       Conjuration/Fire             5
Comestibles
 c - 2 bread rations


   Skills:
 - Level 2.1 Dodging
 - Level 2.0 Stealth
 - Level 2.0 Spellcasting
 - Level 1.3 Conjurations
 + Level 5.9 Fire Magic


You had 6 spell levels left.
You knew the following spells:

 Your Spells              Type           Power        Failure   Level  Hunger
a - Flame Tongue          Conj/Fire      ##...        6%          1    #......


Dungeon Overview and Level Annotations

Branches:
Dungeon (3/15)

Altars:
Makhleb

Annotations:
D:2 Natasha, Sigmund
D:3 exclusion: crimson imp


Innate Abilities, Weirdness & Mutations

You have a beak for a mouth.
You have claws for feet.


Message History

You are too injured to fight recklessly!
You are too injured to fight recklessly!
You see here a spear.
h - a spear The gnoll hits you but does no damage.
Wield which item (- for none, * to show all)? (? for menu, Esc to quit)
h - a +0 spear (weapon)
You closely miss the gnoll. Your kick misses the gnoll.
The gnoll is heavily wounded.
The gnoll hits you.
* * * LOW HITPOINT WARNING * * *
Casting: Flame Tongue
Confirm with . or Enter, or press ? or * to list all spells.
Aiming: Flame Tongue
Press: ? - help, Shift-Dir - straight line, f/p - gnoll
Aim: a gnoll (heavily wounded)
The flame tongue hits the gnoll.
The gnoll is almost dead.
The gnoll hits you!
You die...

... # #.# # #.# #
#.# # #.# # #.#
######.##########
#..)............#
#@##.##########.#
#g##.# #.##
#.##.# #...
#.##.# ####
#.##.# #.##.#
#.##.# #.##.# ...


You could see a gnoll.

Vanquished Creatures
  Jessica (D:2)
  2 gnolls (D:3)
  2 oozes (D:1)
  2 worms (D:2)
  4 ball pythons
  3 bats
  A giant cockroach (D:1)
  6 hobgoblins
  2 jackals (D:1)
  A quokka (D:3)
  2 giant geckos
  A giant newt (D:1)
  8 goblins
  3 kobolds (D:1)
  5 rats
43 creatures vanquished.

Notes
Turn   | Place    | Note
--------------------------------------------------------------
     0 | D:1      | kae the Tengu Fire Elementalist began the quest for the Orb.
     0 | D:1      | Reached XP level 1. HP: 10/10 MP: 4/4
   103 | D:1      | Reached XP level 2. HP: 3/15 MP: 0/6
   416 | D:1      | Reached skill level 4 in Fire Magic
   523 | D:1      | Reached XP level 3. HP: 17/19 MP: 2/7
  1424 | D:2      | Reached skill level 5 in Fire Magic
  1561 | D:2      | Noticed Jessica
  1570 | D:2      | Killed Jessica
  1570 | D:2      | Reached XP level 4. HP: 24/24 MP: 5/8
  1671 | D:2      | Noticed Sigmund
  1878 | D:2      | Noticed Natasha
  2461 | D:3      | Found a burning altar of Makhleb.
  2760 | D:3      | Slain by a gnoll

Vault maps used:
D:1:      saegor_arrival_simple_c, bh_walls_and_bars
D:2:      uniq_natasha, uniq_sigmund, uniq_jessica
D:3:      makhleb_grotto_becter, grunt_ministairs_15, cheibriados_altar_1,
          uniq_grinder, uniq_crazy_yiuf_cottage

Action                   |  1- 3 |  4- 6 || total
-------------------------+-------+-------++-------
Melee: Unarmed           |    14 |    11 ||    25
       Spear             |       |     1 ||     1
 Cast: Flame Tongue      |    64 |    28 ||    92
  Use: Scroll            |     1 |       ||     1
  Eat: Chunk             |     3 |     1 ||     4
       Pizza             |       |     1 ||     1
